Map: Simulacrum LE

Players

BewwyCwuncH - Winner!

  • Race: Terran Terran
  • League: Grandmaster
  • Spawn Location: 11:00

CapsLock

  • Race: Protoss Protoss
  • League: Master
  • Spawn Location: 5:00

VOD

Have the link to the VOD?

Description

Time

  • Played on: Jan. 16, 2020, 12:16 a.m.
  • Length: 18:27
Show
View Real Time Build Order
Export as new Build Order

BewwyCwuncH Terran - Winner!

Build Orders: Reaper Expand 

Get SALT Encoding   

  12  0:00  SCV  
  13  0:13  SCV  
  14  0:17  Supply Depot  
  14  0:25  SCV  
  15  0:39  SCV  
  15  0:40  Barracks  
  16  0:44  Refinery  
  16  0:51  SCV  
  17  1:03  SCV  
  18  1:15  SCV  
  19  1:27  Orbital Command, Reaper  
  20  1:42  Command Center  
  20  1:54  Barracks  
  20  1:59  Barracks Reactor  
  20  2:04  SCV  
  21  2:11  Supply Depot  
  21  2:16  SCV  
  22  2:28  SCV  
  22  2:29  Barracks  
  23  2:39  Marine x2  
  23  2:41  SCV, Barracks Tech Lab  
  26  2:47  Factory  
  26  2:54  SCV  
  26  2:57  Marine x2  
  29  3:04  Orbital Command  
  29  3:07  Marine  
  29  3:09  Refinery  
  30  3:15  Marine  
  30  3:17  Marine x2  
  33  3:23  Stimpack  
  33  3:24  SCV  
  34  3:30  Marine  
  34  3:31  SCV  
  36  3:37  Marine x2, Barracks Reactor  
  38  3:44  SCV  
  38  3:45  SCV  
  40  3:48  Supply Depot  
  40  3:54  Starport  
  40  3:56  Marine x2  
  40  3:58  SCV  
  40  4:00  Factory Reactor  
  40  4:01  SCV  
  44  4:10  SCV  
  44  4:13  SCV  
  44  4:15  Marine x2, Supply Depot  
  47  4:23  SCV  
  48  4:25  SCV  
  48  4:28  Marine x2  
  48  4:30  Supply Depot  
  51  4:33  Marauder  
  51  4:35  SCV  
  51  4:38  SCV  
  55  4:43  Marine  
  55  4:45  Marine  
  59  4:47  SCV  
  59  4:50  SCV  
  61  4:54  Supply Depot  
  61  4:57  Supply Depot  
  61  4:59  SCV  
  62  5:01  Marine x2, Marauder  
  62  5:02  SCV  
  65  5:11  Medivac x2  
  69  5:15  SCV  
  69  5:16  SCV  
  69  5:18  Combat Shield  
  69  5:19  Marine  
  69  5:20  Command Center  
  72  5:21  Marine  
  72  5:23  Marine x2  
  72  5:27  SCV  
  76  5:31  Refinery  
  76  5:33  Marauder  
  76  5:34  Refinery  
  78  5:37  Marine  
  78  5:41  SCV x2  
  81  5:47  Marine x2  
  83  5:51  Factory Reactor  
  83  5:52  Barracks  
  83  5:54  Medivac  
  83  5:55  Marine, Barracks  
  86  6:05  Supply Depot  
  86  6:08  Supply Depot  
  86  6:13  Engineering Bay x2  
  86  6:14  Starport  
  86  6:26  Marine x3  
  86  6:27  SCV x2  
  86  6:32  Marine  
  92  6:36  Orbital Command  
  92  6:39  SCV x2  
  94  6:41  Barracks Tech Lab  
  94  6:42  Barracks Tech Lab  
  94  6:45  Marauder  
  96  6:51  SCV  
  96  6:52  Viking x2  
  101  6:56  Terran Infantry Weapons Level 1  
  101  7:03  Marauder x2  
  101  7:05  Concussive Shells  
  101  7:07  SCV x2  
  107  7:11  Factory Reactor  
  107  7:12  Viking  
  107  7:13  Orbital Command  
  110  7:21  Supply Depot x2  
  109  7:23  Viking  
  109  7:25  Viking  
  109  7:28  SCV x2  
  115  7:32  Viking  
  117  7:40  SCV  
  117  7:41  SCV  
  117  7:42  Viking  
  121  7:46  SCV  
  121  7:47  Ghost Academy  
  122  7:52  SCV  
  122  7:53  SCV, Refinery  
  122  7:54  Refinery  
  122  7:55  Viking  
  127  7:58  SCV  
  127  8:04  SCV  
  127  8:05  SCV, Viking x2  
  131  8:10  SCV  
  131  8:12  Viking  
  135  8:16  SCV  
  131  8:25  Viking  
  132  8:31  Marine, SCV, Marauder x2  
  132  8:33  SCV  
  139  8:35  Viking  
  141  8:43  Fusion Core  
  141  8:44  Command Center  
  141  8:58  Supply Depot x3, Armory  
  141  9:02  Liberator x3  
  141  9:19  SCV x3, Enhanced Shockwaves  
  155  9:26  Supply Depot  
  155  9:27  Supply Depot  
  155  9:30  Barracks  
  155  9:31  SCV x2, Supply Depot, Barracks  
  155  9:32  Barracks  
  155  9:33  SCV  
  157  9:50  Unknown  
  157  9:54  SCV x2  
  157  9:58  Terran Infantry Weapons Level 2  
  157  9:59  Terran Infantry Armor Level 1  
  159  10:01  Terran Ship Weapons Level 1  
  149  10:27  Marine x4  
  151  10:29  Barracks Reactor, Barracks Tech Lab  
  151  10:30  Barracks Tech Lab  
  151  10:31  Unknown x2  
  151  10:33  Missile Turret  
  151  10:34  Refinery x2  
  155  10:44  SCV, Marine  
  155  10:46  SCV  
  155  10:47  SCV  
  159  10:55  Unknown  
  161  11:00  Unknown x2  
  153  11:12  Command Center  
  153  11:15  Marine x3, Marauder x3  
  153  11:16  Marine x2, Marauder  
  166  11:20  Supply Depot x2, Unknown  
  166  11:22  SCV x2  
  166  11:24  Supply Depot  
  138  12:18  Marauder  
  122  12:24  Marine, Marauder x2  
  122  12:25  Marine x3, Marauder  
  122  12:26  Marauder  
  117  12:30  Medivac x3  
  117  12:31  Marine, Medivac  
  117  12:33  Marine  
  117  12:37  Planetary Fortress  
  127  12:39  Command Center  
  127  12:40  Marauder  
  127  12:42  Marine  
  127  12:43  Marine x2  
  131  12:46  Marauder x2  
  131  12:47  Marine  
  131  12:48  Marauder x2  
  131  12:49  Marine  
  131  12:51  Marine  
  141  12:56  Liberator x2  
  141  12:57  Liberator  
  139  13:00  Marine  
  139  13:01  Marine x2, Liberator  
  144  13:09  Marine  
  144  13:10  Marine, Marauder x2  
  164  13:28  Terran Infantry Weapons Level 3  
  164  13:29  Unknown  
  164  13:31  Terran Infantry Armor Level 2  
  164  13:35  Unknown  
  164  13:41  Terran Ship Weapons Level 2  
  158  14:05  Unknown x3  
  143  14:16  Marine x5, Marauder x2  
  143  14:17  Marauder  
  149  14:18  Liberator x4  
  149  14:34  Marine x2  
  149  14:36  Marine x3  
  149  14:37  Marauder  
  149  14:38  Marauder  
  156  14:52  Command Center  
  150  14:58  Marine, Marauder  
  150  14:59  Marauder  
  155  15:00  Command Center  
  155  15:01  Liberator  
  155  15:03  Unknown x2  
  155  15:10  Liberator x2  
  155  15:12  Marine x2  
  155  15:13  Marine x3, Marauder x3  
  171  15:54  Liberator x3  
  146  16:07  Marine, Marauder  
  146  16:08  Marauder  
  146  16:09  Marine x2, Marauder  
  160  16:11  Marine  
  160  16:12  Marauder  
  155  16:30  Marine x6, Marauder x4  
  169  16:33  Marine  
  164  16:41  Planetary Fortress  
  164  16:43  Missile Turret  
  163  16:47  Marine  
  163  16:51  Marine, Marauder x2  
  166  16:57  Marine x4, Marauder x3  
  166  16:58  Command Center  
  166  16:59  Planetary Fortress  
  176  17:05  Marine  
  177  17:09  Marine  
  177  17:11  Missile Turret  
  177  17:12  Medivac x2  
  177  17:13  Marauder x2  
  177  17:14  Marine x2  
  177  17:15  Marine  
  189  17:18  Marine, Marauder x2  
  189  17:19  Marauder  
  195  17:23  Marine  
  196  17:40  Fusion Core  
  195  17:48  Marauder x2  
  195  17:50  Marine  
Show
View Real Time Build Order
Export as new Build Order

CapsLock Protoss 

Build Orders: 1 Gate Expand, Chargelot Immortal, Colossus Rush 

Get SALT Encoding   

  12  0:01  Probe  
  13  0:13  Probe  
  14  0:18  Pylon  
  14  0:25  Probe  
  15  0:37  Probe (Chrono Boost)  
  16  0:43  Gateway  
  16  0:48  Probe (Chrono Boost)  
  17  0:50  Assimilator  
  17  0:53  Probe (Chrono Boost)  
  18  1:03  Probe  
  19  1:15  Probe  
  20  1:27  Nexus  
  20  1:37  Cybernetics Core  
  20  1:42  Pylon  
  20  1:47  Assimilator  
  20  1:51  Probe (Chrono Boost)  
  21  2:00  Probe (Chrono Boost)  
  22  2:05  Probe (Chrono Boost)  
  23  2:11  Stalker (Chrono Boost)  
  25  2:17  Probe  
  25  2:22  Robotics Facility  
  27  2:31  Probe (Chrono Boost)  
  27  2:38  Probe (Chrono Boost)  
  27  2:41  Adept  
  30  2:47  Probe (Chrono Boost)  
  30  2:48  Probe (Chrono Boost)  
  31  2:52  Gateway  
  31  2:53  Probe x2  
  33  3:03  Gateway  
  33  3:07  Probe  
  33  3:09  Probe  
  35  3:16  Robotics Bay  
  35  3:18  Warp Gate  
  35  3:25  Sentry  
  37  3:32  Probe x2  
  38  3:44  Probe (Chrono Boost)  
  38  3:46  Pylon  
  40  3:48  Probe (Chrono Boost)  
  40  3:49  Assimilator  
  41  3:56  Probe (Chrono Boost)  
  41  3:57  Zealot  
  41  3:58  Probe (Chrono Boost), Stalker  
  46  4:05  Probe x2 (Chrono Boost)  
  48  4:13  Colossus  
  48  4:15  Pylon  
  54  4:20  Assimilator  
  54  4:24  Pylon  
  54  4:28  Extended Thermal Lance  
  54  4:34  Probe (Chrono Boost)  
  54  4:36  Probe (Chrono Boost)  
  57  4:46  Probe (Chrono Boost)  
  57  4:48  Probe (Chrono Boost)  
  59  4:54  Probe (Chrono Boost)  
  59  4:55  Probe (Chrono Boost)  
  60  5:00  Probe  
  60  5:04  Robotics Facility  
  61  5:07  Immortal (Chrono Boost)  
  61  5:12  Pylon  
  66  5:18  Nexus  
  65  5:22  Twilight Council  
  65  5:25  Forge  
  65  5:28  Sentry x2  
  69  5:34  Pylon  
  69  5:40  Phoenix  
  75  5:46  Colossus (Chrono Boost), Zealot  
  77  5:50  Pylon  
  77  5:54  Pylon  
  77  5:58  Immortal (Chrono Boost)  
  81  6:08  Probe x2  
  81  6:10  Shield Battery  
  83  6:12  Photon Cannon  
  83  6:15  Protoss Ground Armor Level 1  
  83  6:18  Charge  
  83  6:21  Probe  
  84  6:27  Stalker x3  
  90  6:37  Nexus  
  90  6:41  Pylon, Disruptor (Chrono Boost)  
  93  6:48  Pylon  
  93  6:53  Pylon  
  93  7:00  Pylon  
  93  7:05  Gateway, Templar Archives  
  93  7:08  Disruptor  
  96  7:12  Probe x2  
  98  7:22  Gateway, Observer  
  99  7:24  Probe x2  
  99  7:26  Gateway  
  101  7:34  Gateway  
  101  7:36  Gateway  
  101  7:39  Assimilator  
  101  7:42  Assimilator  
  101  7:43  High Templar x2  
  105  7:47  Archon  
  105  7:50  Zealot  
  108  7:51  Probe (Chrono Boost)  
  108  7:52  Probe x2 (Chrono Boost)  
  108  7:56  Psionic Storm  
  110  8:01  Probe x3 (Chrono Boost), Forge  
  113  8:11  Warp Prism  
  111  8:24  Protoss Ground Weapons Level 1  
  100  8:29  Zealot x5  
  100  8:30  Zealot  
  100  8:32  Probe x2  
  111  8:40  Zealot x2  
  115  8:49  Photon Cannon  
  115  8:50  High Templar x3  
  121  8:56  Immortal  
  121  9:00  Immortal  
  128  9:04  Pylon  
  128  9:05  Probe  
  128  9:07  High Templar  
  131  9:16  Zealot x3  
  137  9:22  Pylon  
  137  9:26  Pylon, Photon Cannon  
  137  9:30  High Templar x2  
  141  9:34  Probe x3  
  144  9:46  Zealot x5  
  144  9:52  Warp Prism  
  144  9:53  Disruptor  
  144  9:58  Nexus  
  143  10:01  Zealot x2  
  119  10:24  Pylon  
  119  10:25  Stalker  
  119  10:26  Stalker x2  
  119  10:27  Disruptor  
  122  10:29  Disruptor  
  125  10:36  Protoss Ground Weapons Level 2 (Chrono Boost), Protoss Ground Armor Level 2 (Chrono Boost)  
  125  10:37  Zealot x5  
  135  10:45  Pylon  
  135  10:49  Gateway  
  120  11:11  Disruptor x2  
  120  11:15  Archon  
  120  11:16  Archon, High Templar x4  
  120  11:17  Zealot  
  120  11:18  Zealot x3  
  142  11:19  Probe x3  
  142  11:21  Assimilator  
  142  11:24  Assimilator  
  145  11:28  Photon Cannon  
  145  11:29  Photon Cannon  
  145  11:32  Pylon  
  145  11:39  Stalker x3  
  147  11:46  Blink (Chrono Boost)  
  147  11:58  Zealot x3  
  149  12:07  Zealot x4  
  138  12:12  Archon  
  138  12:13  Zealot x2  
  114  12:22  Zealot x3  
  101  12:24  Probe x4  
  101  12:28  Archon  
  91  12:32  High Templar x4  
  91  12:33  Immortal (Chrono Boost)  
  93  12:37  Archon x2  
  93  12:39  Zealot x2  
  90  12:46  Zealot  
  90  12:47  Zealot x2  
  97  12:53  Immortal (Chrono Boost)  
  87  13:00  Zealot x2  
  91  13:06  Zealot x3  
  91  13:11  High Templar x4  
  105  13:24  Warp Prism (Chrono Boost)  
  105  13:26  Disruptor (Chrono Boost)  
  108  13:30  Gravitic Drive  
  110  13:38  Nexus  
  110  13:45  High Templar x3  
  110  13:46  High Templar  
  118  13:49  Archon  
  118  13:50  Archon  
  104  14:00  Zealot  
  104  14:01  Zealot x3  
  110  14:06  Zealot  
  104  14:14  Probe x2  
  96  14:26  Zealot x3  
  96  14:29  High Templar x2  
  101  14:44  High Templar x3  
  99  14:48  Pylon  
  99  14:51  Zealot x2  
  103  15:05  Protoss Ground Weapons Level 3 (Chrono Boost), Protoss Ground Armor Level 3 (Chrono Boost), Zealot  
  103  15:06  Zealot x2  
  109  15:19  Zealot x5  
  119  15:35  Stalker x3  
  125  15:38  Archon  
  121  15:49  Nexus  
  86  16:08  Archon  
  86  16:10  Zealot x6  
  86  16:11  Zealot  
  94  16:12  Stalker  
  96  16:19  Colossus  
  84  16:36  Stalker x3  
  74  16:54  High Templar x3  
  80  17:05  Stalker x4  
  88  17:14  Zealot  
  90  17:16  Probe x2  
  90  17:17  Probe  
  90  17:20  Probe  
  94  17:28  Probe  
  94  17:29  Probe x2  
  95  17:30  Zealot  
  95  17:32  Probe  
  95  17:35  Assimilator  
  98  17:39  High Templar x3  
  98  17:51  High Templar x2  
  97  18:05  Zealot x3  
Tags
 
Add a new tag
Caveats
  • Supply blocks, unpowered buildings, or Contaminate may cause inaccurate times.
  • Supply counts are checked every 10 seconds.